 Dungeon Crawl Stone Soup version 0.21.1-1-g345015f (webtiles) character file.

11709 garbagetei the Geomancer (level 11, -6/68 HPs)
             Began as a Gargoyle Earth Elementalist on Feb 7, 2018.
             Was a High Priest of Vehumet.
             Killed by Ozocubu's Refrigeration
             ... invoked by Fannar
              (9 damage)
             ... on level 11 of the Dungeon.
             The game lasted 00:31:08 (11391 turns).

garbagetei the Geomancer (GrEE)                    Turns: 11391, Time: 00:31:09

Health: -6/68      AC: 19    Str: 12    XL:     11   Next: 82%
Magic:  4/34       EV: 11    Int: 19    God:    Vehumet [*****.]
Gold:   283        SH:  0    Dex: 10    Spells: 7/30 levels left

rFire    x . .     SeeInvis .   x - +2 falchion (freeze)
rCold    + . .     Gourm    .   (no shield)
rNeg     + . .     Faith    .   a - +1 leather armour
rPois    ∞         Spirit   .   (no helmet)
rElec    +         Reflect  .   w - +0 cloak (curse)
rCorr    .         Harm     .   I - +0 pair of gloves
MR       .....                  K - +2 pair of boots
Stlth    ++........             (no amulet)
HPRegen  0.21/turn              N - ring of ice
MPRegen  0.24/turn              t - ring of magical power

@: very slightly contaminated
A: negative energy resistance 1, electricity resistance, unbreathing,
petrification resistance, rot immunity, AC +8
a: Renounce Religion


You were on level 11 of the Dungeon.
You worshipped Vehumet.
Vehumet was extremely pleased with you.
You were very hungry.

You visited 2 branches of the dungeon, and saw 12 of its levels.

You collected 743 gold pieces.
You spent 460 gold pieces at shops.

Inventory:

Hand Weapons
 f - a +0 spear
 x - a +2 falchion of freezing (weapon)
Missiles
 b - 333 stones (quivered)
Armour
 a - a +1 leather armour (worn)
 w - a cursed +0 cloak (worn)
 I - a +0 pair of gloves (worn)
 K - a +2 pair of boots (worn)
Jewellery
 t - a ring of magical power (right hand)
 u - a +4 ring of intelligence
 v - an uncursed ring of stealth
 A - an uncursed ring of flight
 B - an uncursed amulet of guardian spirit
 N - a ring of ice (left hand)
Wands
 z - a wand of iceblast (6)
 D - a wand of random effects (23)
 L - a wand of scattershot (5)
 O - a wand of polymorph (24)
Scrolls
 c - 3 scrolls of silence {unknown}
 o - 7 scrolls of teleportation
 p - a scroll of amnesia
 s - 4 scrolls of enchant weapon
 y - a scroll of identify
 E - a scroll of fog
 G - 3 scrolls of remove curse
 H - a scroll of magic mapping
Potions
 g - 3 potions of agility {unknown}
 h - 4 potions of ambrosia {unknown}
 i - 3 potions of flight
 j - a potion of mutation {unknown}
 k - a potion of haste
 l - 3 potions of curing
 m - a potion of resistance
 q - 3 potions of heal wounds {unknown}
 r - 2 potions of lignification
 J - a potion of berserk rage
 P - 3 potions of brilliance {unknown}
 Q - a potion of degeneration {unknown}
Books
 e - a book of Geomancy

   Spells                             Type                      Level
   a - Sandblast                      Earth                        1
   b - Passwall                       Transmutation/Earth          2
   c - Stone Arrow                    Conjuration/Earth            3
   d - Petrify                        Transmutation/Earth          4
   e - Lee's Rapid Deconstruction     Earth                        5
 C - a book of Spatial Translocations

   Spells                             Type                      Level
   a - Blink                          Translocation                2
   b - Shroud of Golubria             Charms/Translocation         2
   c - Lesser Beckoning               Translocation                3
   d - Gell's Gravitas                Translocation                3
   e - Teleport Other                 Translocation                3
   f - Passage of Golubria            Translocation                4
 F - a book of Misfortune

   Spells                             Type                      Level
   a - Confusing Touch                Hexes                        1
   b - Confuse                        Hexes                        3
   c - Gell's Gravitas                Translocation                3
   d - Petrify                        Transmutation/Earth          4
   e - Metabolic Englaciation         Hexes/Ice                    5
   f - Yara's Violent Unravelling     Hexes/Transmutation          5
Comestibles
 d - 20 rations


   Skills:
 + Level 8.0 Fighting
 + Level 8.0 Armour
 - Level 1.5 Dodging
 - Level 2.1 Stealth
 * Level 10.0 Spellcasting
 * Level 2.7 Conjurations
 - Level 0.7 Transmutations
 * Level 12.7 Earth Magic


You had 7 spell levels left.
You knew the following spells:

 Your Spells              Type           Power        Failure   Level  Hunger
a - Sandblast             Erth           ######       1%          1    None
b - Passwall              Tmut/Erth      #####.....   1%          2    None
c - Stone Arrow           Conj/Erth      #####.       1%          3    None
d - Lee's Rapid Deconstr  Erth           ######....   1%          5    #####..
e - Blink                 Tloc           N/A          14%         2    None
f - Airstrike             Air            #.........   22%         4    ##.....
g - Freezing Cloud        Conj/Ice/Air   ###.......   90%         6    ######.


Dungeon Overview and Level Annotations

Branches:
Dungeon (11/15)            Temple (1/1) D:4            Lair (0/6) D:9
    Orc: D:9-12

Altars:
Ashenzari
Cheibriados
Dithmenos
Elyvilon
Fedhas
Gozag
Hepliaklqana
Kikubaaqudgha
Makhleb
Nemelex Xobeh
Okawaru
Qazlal
Ru
Sif Muna
Trog
Uskayaw
Vehumet
Wu Jian
Xom
Yredelemnul
Zin
The Shining One

Shops:
D:4 ?   D:5 *   D:6 =[?=   D:8 }

Annotations:
D:11 Fannar


Innate Abilities, Weirdness & Mutations

You are resistant to torment.
Your stone body is resilient. (AC +8)
You are immune to poison.
You resist negative energy. (rN+)
You are resistant to electric shocks. (rElec)
You can survive without breathing.
You are immune to petrification.
You are immune to rotting.


Message History

Fannar mumbles some strange words.
You hit Fannar.
Fannar is almost dead.
Fannar casts a spell at you. The bolt of cold hits you! You resist.
* * * LOW HITPOINT WARNING * * *
The bolt of cold misses the ice beast.
The ice beast hits you.
* * * LOW HITPOINT WARNING * * *
The ice beast freezes you. You resist.
* * * LOW HITPOINT WARNING * * *
Blink to where?
Press: ? - help, Dir - move target cursor, p - Fannar
As you read the scroll of blinking, it crumbles to dust.
Found a chain mail and 15 stones.
Found a stone staircase leading up.
Okay, then.
There is a stone staircase leading up here.
Fannar mumbles some strange words.
Fannar drains the heat from the surrounding environment!
You resist.
You feel very cold.
You die...

#.################.......
#e# #...#### #)# #...#
#Y# #...# #.. #...# #.##
#...# #.# #...#
#e############## #....
#..Y....@....... .....
#....[..........
#..############# #..#
#..# #.(# #..# #..#


You could see Fannar and an ice beast.

Vanquished Creatures
  3 two-headed ogres
  The ghost of garbagetei the Digger, a novice GrEE of Vehumet (D:6)
  Joseph (D:9)
  The ghost of Xelenos the Chopper, a novice TeBe of Okawaru (D:5)
  A troll (D:10)
  A hornet (D:10)
  2 hippogriffs (D:10)
  A shadow (D:10)
  A human (D:7)
  A basilisk (D:9)
  9 yaks
  4 hogs (D:7)
  A water moccasin (D:9)
  4 porcupines (D:9)
  3 orc warriors
  A hornet zombie (D:7)
  2 black bears
  4 wolves (D:9)
  3 centaurs
  2 ogres
  2 crocodiles (D:9)
  10 bullfrogs
  6 big kobolds
  4 scorpions
  16 killer bees
  7 wights
  A howler monkey (D:9)
  A crimson imp (D:7)
  3 bullfrog zombies (D:4)
  2 quasits (D:9)
  5 hounds
  4 orc priests
  6 jellies
  6 orc wizards
  2 bullfrog skeletons
  2 centaur skeletons
  3 iguanas
  5 worker ants
  A hound skeleton (D:8)
  2 howler monkey zombies
  3 worker ant zombies
  A gnoll (D:3)
  12 adders
  5 shadow imps
  3 oozes
  3 adder zombies
  2 worms
  3 dart slugs
  3 leopard geckos
  39 orcs
  2 bats (D:1)
  4 giant cockroaches
  4 goblins
  7 hobgoblins
  18 jackals
  41 kobolds
  5 quokkas
  4 ball pythons
  3 frilled lizards
  A leopard gecko skeleton (D:4)
  A quokka zombie (D:4)
  8 rats
306 creatures vanquished.

Vanquished Creatures (others)
  A plant (D:9)
1 creature vanquished.

Grand Total: 307 creatures vanquished

Notes
Turn   | Place    | Note
-------+----------+-------------------------------------------
     0 | D:1      | garbagetei the Gargoyle Earth Elementalist began the quest for the Orb.
     0 | D:1      | Reached XP level 1. HP: 10/10 MP: 3/3
   190 | D:1      | Reached XP level 2. HP: 16/16 MP: 5/5
   242 | D:1      | Reached skill level 4 in Earth Magic
   459 | D:1      | Reached skill level 1 in Fighting
   459 | D:1      | Reached XP level 3. HP: 14/20 MP: 3/6
   582 | D:1      | Reached skill level 1 in Armour
  1364 | D:2      | Reached XP level 4. HP: 16/25 MP: 8/8
  1510 | D:2      | Learned a level 2 spell: Passwall
  1514 | D:2      | Learned a level 3 spell: Stone Arrow
  2480 | D:3      | Reached XP level 5. HP: 29/29 MP: 7/9
  2489 | D:3      | Reached skill level 5 in Earth Magic
  3058 | D:3      | Reached XP level 6. HP: 32/35 MP: 11/11
  3343 | D:4      | Found Ciuqex's Magic Scroll Boutique.
  3371 | D:4      | Bought a scroll of identify for 28 gold pieces
  3371 | D:4      | Bought a scroll of identify for 28 gold pieces
  3371 | D:4      | Bought a scroll of identify for 28 gold pieces
  3371 | D:4      | Bought a scroll of identify for 28 gold pieces
  3398 | D:4      | Found a staircase to the Ecumenical Temple.
  3406 | Temple   | Entered the Ecumenical Temple
  3487 | Temple   | Became a worshipper of Vehumet
  3611 | D:4      | Reached skill level 6 in Earth Magic
  3611 | D:4      | Reached XP level 7. HP: 29/40 MP: 1/13
  4081 | D:4      | Learned a level 5 spell: Lee's Rapid Deconstruction
  4095 | D:4      | You fall through a shaft!
  4095 | D:5      | Entered Level 5 of the Dungeon
  4247 | D:5      | Reached skill level 5 in Spellcasting
  4247 | D:5      | Reached skill level 7 in Earth Magic
  4247 | D:5      | Reached XP level 8. HP: 45/46 MP: 9/15
  4286 | D:5      | Noticed Xelenos's ghost (novice TeBe)
  4313 | D:5      | Killed Xelenos's ghost
  4539 | D:5      | Found Meulalysh's Assorted Antiques.
  4542 | D:5      | Bought a grey potion for 23 gold pieces
  4542 | D:5      | Bought a scroll of identify for 52 gold pieces
  4558 | D:5      | Reached * piety under Vehumet
  4558 | D:5      | Offered knowledge of Freeze by Vehumet.
  4897 | D:3      | Reached skill level 8 in Earth Magic
  5070 | D:3      | Offered knowledge of Flame Tongue by Vehumet.
  5071 | D:3      | Reached ** piety under Vehumet
  5592 | D:6      | Reached XP level 9. HP: 49/52 MP: 18/18
  5731 | D:6      | Found a burning altar of Makhleb.
  5805 | D:6      | Found Volemagguixt's Jewellery Shop.
  5847 | D:6      | Bought a cursed ring of loudness for 45 gold pieces
  5919 | D:6      | Found Aluarrex's Antique Armour Emporium.
  5935 | D:6      | Found Qotyreolos's Magic Scroll Emporium.
  5944 | D:6      | Bought a scroll of fog for 26 gold pieces
  5992 | D:6      | Noticed garbagetei's ghost (novice GrEE)
  6006 | D:6      | Killed garbagetei's ghost
  6006 | D:6      | Reached skill level 5 in Fighting
  6006 | D:6      | Reached skill level 5 in Armour
  6006 | D:6      | Reached skill level 9 in Earth Magic
  6232 | D:6      | Found Jayl's Jewellery Shop.
  6615 | D:6      | Learned a level 2 spell: Blink
  6829 | D:7      | Found a hide-covered altar of Uskayaw.
  6862 | D:7      | Offered knowledge of Static Discharge by Vehumet.
  7076 | D:7      | Found an ancient bone altar of Kikubaaqudgha.
  7209 | D:7      | Found a basalt altar of Yredelemnul.
  7317 | D:7      | Reached *** piety under Vehumet
  7470 | D:7      | Reached skill level 10 in Earth Magic
  7472 | D:7      | Reached XP level 10. HP: 44/60 MP: 21/21
  7694 | D:6      | Bought a pair of runed boots for 202 gold pieces
  7756 | D:8      | Offered knowledge of Airstrike by Vehumet.
  7968 | D:8      | Found Woahiag's Gadget Emporium.
  8058 | D:8      | Learned a level 4 spell: Airstrike
  8979 | D:9      | Reached **** piety under Vehumet
  8982 | D:9      | Reached skill level 11 in Earth Magic
  9176 | D:9      | Found a staircase to the Lair.
  9189 | D:9      | Offered knowledge of Bolt of Draining by Vehumet.
  9400 | D:9      | Noticed Joseph
  9406 | D:9      | Killed Joseph
  9406 | D:9      | Reached XP level 11. HP: 48/67 MP: 18/24
  9750 | D:9      | Noticed a two-headed ogre
  9756 | D:9      | Killed a two-headed ogre
  9756 | D:9      | Reached skill level 12 in Earth Magic
 10068 | D:10     | Entered Level 10 of the Dungeon
 10447 | D:10     | Reached ***** piety under Vehumet
 10822 | D:10     | Offered knowledge of Freezing Cloud by Vehumet.
 10830 | D:10     | Learned a level 6 spell: Freezing Cloud
 10879 | D:10     | Noticed a two-headed ogre
 10894 | D:10     | Killed a two-headed ogre
 10894 | D:10     | Reached skill level 1 in Conjurations
 11254 | D:10     | Noticed a two-headed ogre
 11259 | D:10     | Killed a two-headed ogre
 11259 | D:10     | Reached skill level 10 in Spellcasting
 11367 | D:11     | Noticed Fannar
 11383 | D:11     | HP: 2/68 [ice beast[Fannar] (5)]
 11391 | D:11     | Killed from afar by Fannar

Skill      XL: |  1  2  3  4  5  6  7  8  9 10 11 |
---------------+----------------------------------+-----
Earth Magic    | 4 5 6 7 8 10 11 12 | 12.7
Fighting       | 1 2 3 4 5 7 8 |  8.0
Armour         | 1 2 3 4 5 7 8 |  8.0
Spellcasting   | 3 4 5 6 7 9 10 | 10.0
Conjurations   | 2 |  2.7
Dodging        | |  1.5
Stealth        | |  2.1
Transmutations | |  0.7

Action                   |  1- 3 |  4- 6 |  7- 9 | 10-12 || total
-------------------------+-------+-------+-------+-------++-------
Melee: Spear             |   132 |   188 |    51 |       ||   371
       Unarmed           |     2 |       |       |    10 ||    12
       Falchion          |       |       |   207 |   194 ||   401
 Cast: Sandblast         |    17 |    52 |    64 |    65 ||   198
       Lee's Rapid Decon |       |       |     8 |    27 ||    35
       Stone Arrow       |       |       |       |    30 ||    30
       Airstrike         |       |       |       |     7 ||     7
       Blink             |       |       |       |     2 ||     2
  Use: Scroll            |     1 |    10 |     6 |     5 ||    22
       Potion            |       |       |     3 |       ||     3
 Stab: Sleeping          |     3 |     5 |       |     1 ||     9
  Eat: Chunk             |     1 |     6 |    12 |    18 ||    37
       Ration            |       |     1 |       |       ||     1
Armor: Leather armour    |    62 |    87 |   187 |   192 ||   528
       Skin              |       |       |       |     1 ||     1
Dodge: Dodged            |    96 |   123 |   218 |   153 ||   590
       Rpst.: Falchion   |       |       |    46 |    53 ||    99
